Construct Section Command Post
Selects Heavy Armor Battlegroup
Selects Rigorous Vehicle Training
Construct Platoon Command Post
Selects Light Vehicle Withdraw and Refit
6-pounder Anti-tank Gun Team
Unlock M3 Stuart Light Tanks
Unlock Bishop Self-propelled Artillery
Bishop Self-propelled Artillery
Construct Company Command Post
Selects Crusader AA Medium Tank
Unlock Towed 17-pounder Anti-tank Guns
17-pounder Anti-tank Gun Team
Selects Churchill Black Prince Heavy Tank